AoeStats
← Brohio

Black Forest

508984076Analyzed
2v2 RM · 9d ago on Sep 24, 2026· 59m 9s· 4 players
Game mode
Random Map
Map size
Medium (4 player)
Population
200
Speed
Normal
Resources
Standard
Victory
Conquest
Starting age
Dark Age
Ending age
Imperial Age
RankedLock teamsTeams togetherTeam positionsShared explorationLock speedFull tech treeHidden civsTurbo modeCheats
Victory
Defeat
🇺🇸 Varangians · United States
1624
+11
🇺🇸 Saxons · United States
1559
+14
🇷🇺 Tatars · Russia
1615
-16
🇧🇾 Danes · Belarus
1410
-9
Ethan
1:32 Loom
10:32 Feudal Age
12:16 Wheelbarrow
11:22 Man-at-Arms
13:51 Fletching
17:14 Double-Bit Axe
17:10 Horse Collar
23:22 Castle Age
22:24 Gold Mining
22:25 Stone Mining
24:30 Bow Saw
24:23 Heavy Plow
29:05 Scale Barding Armor
30:30 Chain Barding Armor
31:43 Forging
39:00 Imperial Age
38:22 Hand Cart
38:44 Stone Shaft Mining
39:04 Iron Casting
40:43 Plate Barding Armor
41:19 Conscription
42:10 Blast Furnace
41:13 Husbandry
41:26 Bloodlines
42:11 Masonry
41:59 Elite Jarl
43:42 Bodkin Arrow
43:51 Caravan
45:15 Two-Man Saw
49:06 Architecture
49:08 Bracer
50:59 Ballistics
50:18 Light Cavalry
55:14 Siege Engineers
57:38 Onager
Brohio
10:35 Feudal Age
14:35 Castle Age
12:33 Double-Bit Axe
12:31 Horse Collar
15:34 Bow Saw
15:51 Heavy Plow
20:14 Town Watch
23:04 Town Patrol
23:45 Wheelbarrow
22:57 Loom
23:06 Gold Mining
24:09 Stone Mining
24:55 Gold Shaft Mining
25:40 Hand Cart
28:57 Imperial Age
26:34 Fletching
26:44 Padded Archer Armor
27:13 Bodkin Arrow
27:37 Scale Mail Armor
27:47 Forging
27:59 Guard Tower
28:49 Squires
28:36 Gambesons
29:37 Ballistics
29:58 Chain Mail Armor
30:18 Iron Casting
30:30 Bracer
30:38 Elite Varangian Guard
31:13 Pikeman
34:02 Plate Mail Armor
33:20 Arrowslits
34:33 Keep
34:59 Chemistry
33:54 Shield Wall
36:16 Halberdier
39:26 Elite Hearth Troop
41:35 Onager
42:36 Siege Engineers
44:11 Conscription
45:18 Caravan
50:05 Two-Man Saw
56:00 Murder Holes
55:47 Treadmill Crane
56:04 Murder Holes
Legate
10:09 Feudal Age
13:43 Castle Age
12:26 Double-Bit Axe
12:22 Horse Collar
15:17 Bow Saw
15:57 Loom
17:39 Fletching
19:20 Bodkin Arrow
23:26 Wheelbarrow
23:35 Gold Mining
26:08 Stone Mining
27:10 Gold Shaft Mining
29:40 Imperial Age
27:47 Hand Cart
27:17 Treadmill Crane
28:07 Bloodlines
27:58 Husbandry
27:59 Padded Archer Armor
28:14 Town Watch
28:31 Heavy Plow
28:52 Ballistics
29:44 Leather Archer Armor
30:10 Silk Armor
30:22 Bracer
29:59 Capped Ram
32:24 Chemistry
31:54 Ring Archer Armor
32:11 Masonry
31:48 Heavy Cavalry Archer
33:35 Conscription
32:56 Siege Ram
34:58 Crop Rotation
34:59 Guilds
35:20 Coinage
34:14 Siege Ram
35:40 Scale Barding Armor
35:58 Guard Tower
36:48 Chain Barding Armor
35:53 Light Cavalry
36:46 Forging
36:33 Hussar
38:35 Plate Barding Armor
39:36 Iron Casting
42:21 Blast Furnace
42:30 Murder Holes
48:09 Fortified Wall
48:06 Caravan
Bulba
0:34 Loom
10:57 Feudal Age
15:39 Fletching
18:27 Castle Age
17:38 Scale Mail Armor
18:41 Double-Bit Axe
18:39 Horse Collar
27:01 Wheelbarrow
26:40 Gold Mining
28:59 Bodkin Arrow
29:54 Bow Saw
29:47 Stone Mining
34:07 Husbandry
40:10 Imperial Age
38:40 Bloodlines
39:16 Ballistics
39:15 Heavy Plow
40:16 Gold Shaft Mining
39:56 Thumb Ring
40:30 Masonry
40:55 Bracer
40:56 Padded Archer Armor
42:25 Chemistry
41:51 Conscription
43:02 Capped Ram
44:18 Squires
44:05 Gambesons
43:44 Heavy Mounted Crossbowman
45:01 Elite Varangian Guard
45:48 Arson
46:26 Chain Mail Armor
46:07 Hamask
46:10 Northmen's Fury
47:08 Hand Cart
46:53 Town Watch
49:06 Pikeman
54:30 Hoardings
53:39 Halberdier
58:32 Forging
Connection lost

Rejoining the realm…

Still unreachable

The connection could not be restored.

Session expired

The server has moved on; the page needs a fresh start.